 Dungeon Crawl Stone Soup version 0.27-a0-1312-g5cdb2b3542 (webtiles) character file.

Game seed: 18014186729211806848

312 bilbop the Caller (level 6, -2/45 HPs)
             Began as a Merfolk Summoner on June 21, 2021.
             Succumbed to a scorpion's poison
             ... on level 4 of the Dungeon.
             The game lasted 00:31:40 (3323 turns).

bilbop the Caller (Merfolk Summoner)                Turns: 3323, Time: 00:31:41

Health: -2/45      AC:  6    Str:  9    XL:     6   Next: 42%
Magic:  4/10       EV: 13    Int: 15    God:
Gold:   168        SH:  0    Dex: 15    Spells: 8/11 levels left

rFire    . . .     SeeInvis .   a - +0 dagger
rCold    . . .     Faith    .   (no shield)
rNeg     . . .     Spirit   .   h - +0 robe
rPois    .         Reflect  .   (no helmet)
rElec    .         Harm     .   (no cloak)
rCorr    .         Rampage  .   (no gloves)
Will     .....                  (no boots)
Stlth    +++.......             f - amulet of the acrobat
HPRegen  0.15/turn              d - +4 ring of protection
MPRegen  0.12/turn              (no ring)

@: lethally poisoned (-2 -> -13), hasted, very quick
A: (nimble swimmer 2), mertail
a: no special abilities


You were on level 4 of the Dungeon.
You visited 1 branch of the dungeon, and saw 5 of its levels.

You collected 168 gold pieces.

Inventory:

Hand Weapons
 a - a +0 dagger (weapon)
 k - a +0 short sword
Missiles
 s - 3 atropa-tipped darts
Armour
 h - a +0 robe (worn)
Jewellery
 d - a +4 ring of protection (left hand)
 f - an amulet of the acrobat (around neck)
Scrolls
 b - 2 scrolls of amnesia {unknown}
 e - 3 scrolls of immolation {unknown}
 g - 2 scrolls of noise {unknown}
 l - a scroll of acquirement {unknown}
 m - 3 scrolls of identify {unknown}
 q - a scroll of fog {unknown}
Potions
 c - a potion of attraction {unknown}
 i - a potion of heal wounds {unknown}
 j - a potion of curing {unknown}
 n - a potion of lignification {unknown}
 o - a potion of flight {unknown}
 p - a potion of mutation {unknown}
 r - a potion of haste


   Skills:
 + Level 2.3 Fighting
 + Level 2.5 Short Blades
 + Level 4.3 Dodging
 + Level 3.7 Stealth
 + Level 3.0 Spellcasting
 + Level 4.8 Summonings


You had 8 spell levels left.
You knew the following spells:

 Your Spells              Type           Power      Damage    Failure   Level
a - Summon Small Mammal   Summ           64%        N/A       2%          1
b - Call Imp              Summ           16%        N/A       4%          2

Your spell library contained the following spells:

 Spells                   Type           Power      Damage    Failure   Level
 Call Canine Familiar     Summ           16%        N/A       9%          3
 Beastly Appendage        Tmut           4%         N/A       21%         1
 Summon Guardian Golem    Hex/Summ       9%         N/A       22%         3
 Wereblood                Tmut           2%         N/A       30%         2
 Spider Form              Tmut/Pois      1%         N/A       52%         3
 Summon Ice Beast         Ice/Summ       9%         N/A       58%         4
 Summon Lightning Spire   Summ/Air       9%         N/A       58%         4
 Ice Form                 Ice/Tmut       2%         N/A       89%         4


Dungeon Overview and Level Annotations

Branches:
Dungeon (5/15)
 Temple: D:4-7

Altars:
Cheibriados
Zin
The Shining One


Innate Abilities, Weirdness & Mutations

((You are quick and stealthy near water. (Stealth+, EV+, Speed+++)))
Your lower body shifts to a powerful aquatic tail in water.


Message History

You feel sick. The scorpion stings you.
You are more poisoned.
The scorpion poisons you!
Your crimson imp blinks!
Your white imp completely misses the scorpion.
You hit the scorpion.
The scorpion is heavily wounded.
You feel very sick. The scorpion stings you.
You are lethally poisoned!
The scorpion poisons you!
Your white imp hits the scorpion.
Your white imp freezes the scorpion.
You closely miss the scorpion.
The scorpion is almost dead.
You feel very sick. The scorpion stings you.
* * * LOW HITPOINT WARNING * * *
Your white imp barely misses the scorpion.
Your magical contamination has completely faded away.
You hit the scorpion but do no damage.
The scorpion is almost dead.
* * * LOW HITPOINT WARNING * * *
You feel very sick.
Your crimson imp disappears in a puff of smoke!
The scorpion barely misses you.
You hit the scorpion.
The scorpion is almost dead.
* * * LOW HITPOINT WARNING * * *
You feel very sick.
The scorpion stings you but does no damage.
Your white imp hits the scorpion but does no damage.
You hit the scorpion but do no damage.
The scorpion is almost dead.
* * * LOW HITPOINT WARNING * * *
You feel very sick. The scorpion barely misses you.
Your white imp hits the scorpion but does no damage.
Your crimson imp blinks!
It was a potion of haste.
You feel yourself speed up.
You die...

...#... #....#.....#########....
...# #....#.....#......##....
>..# #....#.....#.......†....
...# #....#5....#......†.....
...#########'##.....#......##....
........)..........##......##....
!.......)..........#.......######
..............§....'.............
................@..#.............
................s..##########....
...##############5....#....##....
...# #.....#....##.... ...#
+.....#....#..... ####
#.....#....#.....
#.....#....'.....
.....#....#..... .....#....#.....


You could see a scorpion (ally target), a friendly crimson imp (summoned) and a
friendly white imp (summoned).

Vanquished Creatures
  A water moccasin zombie (D:5)
  A hound (D:5)
  A hound zombie (D:5)
  A dart slug (D:2)
  An orc (D:5)
  A ball python (D:4)
  A bat (D:1)
  An endoplasm (D:1)
  2 goblins
  A jackal (D:3)
  A frilled lizard (D:1)
  A kobold (D:4)
  A rat (D:1)
14 creatures vanquished.

Vanquished Creatures (collateral kills)
  3 ogres
  2 hounds (D:5)
  A howler monkey skeleton (D:5)
  5 gnolls
  An adder (D:5)
  A white imp (D:5)
  An ufetubus (D:4)
  A dart slug (D:5)
  An orc (D:3)
  3 endoplasms
  3 giant cockroaches
  5 jackals
  A ball python (D:1)
  3 bats (D:1)
  2 frilled lizards (D:2)
  A goblin (D:2)
  6 kobolds
  2 rats (D:2)
42 creatures vanquished.

Vanquished Creatures (others)
  12 fungi (D:5)
12 creatures vanquished.

Grand Total: 68 creatures vanquished

Notes
Turn   | Place    | Note
-------+----------+-------------------------------------------
     0 | D:1      | bilbop the Merfolk Summoner began the quest for the Orb.
     0 | D:1      | Reached XP level 1. HP: 13/13 MP: 3/3
   878 | D:1      | Reached XP level 2. HP: 18/20 MP: 0/5
  1621 | D:2      | Learned a level 2 spell: Call Imp
  2089 | D:3      | Reached XP level 3. HP: 25/25 MP: 3/6
  2145 | D:3      | Found a glowing golden altar of the Shining One.
  2145 | D:3      | Found a snail-covered altar of Cheibriados.
  2147 | D:3      | Found a glowing silver altar of Zin.
  2324 | D:4      | Noticed an ogre
  2331 | D:5      | Entered Level 5 of the Dungeon
  2373 | D:5      | Reached skill level 1 in Fighting
  2373 | D:5      | Reached skill level 1 in Short Blades
  2524 | D:5      | Reached XP level 4. HP: 27/32 MP: 0/7
  2661 | D:5      | Noticed an ogre
  2673 | D:5      | Killed an ogre
  2674 | D:5      | Reached XP level 5. HP: 29/38 MP: 2/9
  2937 | D:4      | Noticed an ogre
  2944 | D:4      | Killed an ogre
  2945 | D:4      | Reached XP level 6. HP: 44/44 MP: 3/10
  3322 | D:4      | HP: 1/45 [poisoned by a scorpion]
  3323 | D:4      | Succumbed to a scorpion's poison

Illustrated notes

Levels and vault maps discovered:
D:1:      scummos_arrival_simple_crosswalls, layout_loops_cross,
          minmay_misc_feat_cross
D:2:      layout_basic
D:3:      layout_rooms, nicolae_overflow_hidden_temple, uniq_crazy_yiuf_cottage
D:4:      layout_gridville
D:5:      kennysheep_steamy, layout_basic, kennysheep_mini, serial_glass,
          glass_columns_b, glass_columns_a

Skill      XL: |  1  2  3  4  5  6 |
---------------+-------------------+-----
Dodging        | 3 4 |  4.3
Fighting       | 1 2 |  2.3
Short Blades   | 1 2 |  2.5
Stealth        | 3 |  3.7
Spellcasting   | 3 |  3.0
Summonings     | |  4.8

Action                   |  1- 3 |  4- 6 || total
-------------------------+-------+-------++-------
Melee: Unarmed           |    11 |       ||    11
       Dagger            |    50 |    55 ||   105
       Short sword       |     2 |       ||     2
 Cast: Summon Small Mamm |    57 |       ||    57
       Call Imp          |    20 |    25 ||    45
  Use: Potion            |       |     1 ||     1
 Stab: Distracted        |     2 |       ||     2
       Sleeping          |     1 |     1 ||     2
Armor: Robe              |    26 |    11 ||    37
Dodge: Dodged            |    54 |    38 ||    92

Table legend: (Time is in decaauts)
 A = Elapsed time spent in this place.
 B = Non-inter-level travel time spent in this place.
 C = Inter-level travel time spent in this place.
 D = Time resting spent in this place.
 E = Time spent auto-exploring this place.
 F = Levels seen in this place.
 G = Mean time per level.
                   A        B        C        D        E       F      G
               +--------+--------+--------+--------+--------+-----+--------+
         Total |   3316 |   3148 |    168 |    308 |   1920 |   5 |  663.2 |
       Dungeon |   3316 |   3148 |    168 |    308 |   1920 |   5 |  663.2 |
               +--------+--------+--------+--------+--------+-----+--------+

Top non-repeatable levels by time:
     D:1: 1273 daAuts
     D:2: 798 daAuts
     D:5: 601 daAuts
     D:4: 525 daAuts
     D:3: 116 daAuts
